 Dungeon Crawl Stone Soup version 0.27-a0-1312-g5cdb2b3542 (webtiles) character file.

Game seed: 1975338232408831293

124 Demosthentine the Poker (level 5, -6/41 HPs)
             Began as a Merfolk Gladiator on June 19, 2021.
             Mangled by Grinder (7 damage)
             ... while paralysed by Grinder
             ... on level 4 of the Dungeon.
             The game lasted 00:02:35 (3220 turns).

Demosthentine the Poker (Merfolk Gladiator)         Turns: 3220, Time: 00:02:36

Health: -6/41      AC:  5    Str: 16    XL:     5   Next: 8%
Magic:  5/5        EV:  2    Int:  7    God:
Gold:   87         SH:  0    Dex: 15    Spells: 4/4 levels left

rFire    . . .     SeeInvis .   a - +0 trident
rCold    . . .     Faith    .   (no shield)
rNeg     . . .     Spirit   .   b - +0 leather armour
rPois    .         Reflect  +   c - +1 helmet
rElec    .         Harm     .   (no cloak)
rCorr    +         Rampage  .   (no gloves)
Will     .....                  (no boots)
Stlth    +.........             e - amulet of reflection
HPRegen  0.13/turn              i - ring of resist corrosion
MPRegen  0.09/turn              (no ring)

@: paralysed, mighty, very slightly contaminated, invisible (expiring)
A: (nimble swimmer 2), mertail
a: no special abilities


You were on level 4 of the Dungeon.
You visited 1 branch of the dungeon, and saw 4 of its levels.

You collected 87 gold pieces.

Inventory:

Hand Weapons
 a - a +0 trident (weapon)
Missiles
 d - 5 throwing nets (quivered)
Armour
 b - a +0 leather armour (worn)
 c - a +1 helmet (worn)
Jewellery
 e - an amulet of reflection (around neck)
 i - a ring of resist corrosion (left hand)
Potions
 f - a potion of resistance
 g - a potion of invisibility
 h - a potion of lignification {unknown}
 j - a potion of might


   Skills:
 + Level 3.4 Fighting
 + Level 5.6 Polearms
 - Level 2.0 Throwing
 + Level 1.3 Armour
 + Level 5.0 Dodging


You had 4 spell levels left.
You didn't know any spells.
Your spell library was empty.

Dungeon Overview and Level Annotations

Branches:
Dungeon (4/15)
 Temple: D:4-7

Altars:
Fedhas
Hepliaklqana
Okawaru
Ru
Wu Jian

Shops:
D:3 [

Annotations:
D:4 Grinder


Innate Abilities, Weirdness & Mutations

((You are quick and stealthy near water. (Stealth+, EV+, Speed+++)))
Your lower body shifts to a powerful aquatic tail in water.


Message History

The adder bites you.
You catch the helpless adder completely off-guard!
You puncture the adder!
You kill the adder!
You closely miss Grinder. Grinder closely misses you.
It was a potion of might.
You feel very mighty all of a sudden. Grinder closely misses you.
Your leather armour prevents you from hitting Grinder.
Grinder closely misses you.
You hit Grinder.
Grinder is lightly wounded.
Grinder barely misses you.
You barely miss Grinder.
Grinder is lightly wounded.
Grinder gestures at you. Pain shoots through your body!
* * * LOW HITPOINT WARNING * * *
It was a potion of magic.
Magic courses through your body. Grinder barely misses you.
It was a potion of heal wounds.
You feel much better. Grinder gestures at you.
You barely resist. You puncture Grinder!
Grinder is moderately wounded.
Grinder hits you.
You writhe in agony.
You hit Grinder.
Grinder is heavily wounded.
Grinder gestures at you.
You suddenly lose the ability to move!
Grinder hits you.
You writhe in agony.
* * * LOW HITPOINT WARNING * * *
You flicker for a moment.
Grinder hits you!
* * * LOW HITPOINT WARNING * * *
You writhe in agony.
* * * LOW HITPOINT WARNING * * *
Grinder says, "Just stop there for a second..."
Grinder hits you!
You die...

#.#.#.######
##.# #...# #.#
###.# #.## ####
#..# ...## ##.#
##...### #.##
#..#...####..#
##........###.#
#.........B5@.#
#........#.##.#
.....⌠...†.#..#
.#........##.##
..........#S.
#........##.#
###...#..#..
###...## ###.#


You could see Grinder and a giant cockroach.

Vanquished Creatures
  6 adders
  A worm (D:2)
  4 dart slugs
  An orc (D:3)
  9 ball pythons
  4 giant cockroaches
  6 hobgoblins
  4 jackals
  4 quokkas
  5 bats
  3 frilled lizards (D:1)
  3 goblins
  5 kobolds
  A rat (D:3)
56 creatures vanquished.

Notes
Turn   | Place    | Note
-------+----------+-------------------------------------------
     0 | D:1      | Demosthentine the Merfolk Gladiator began the quest for the
                  | Orb.
     0 | D:1      | Reached XP level 1. HP: 16/16 MP: 1/1
    70 | D:1      | Reached XP level 2. HP: 20/23 MP: 2/2
   741 | D:1      | Reached XP level 3. HP: 26/28 MP: 3/3
   926 | D:2      | Found a faded altar of an unknown god.
  1022 | D:2      | Reached skill level 5 in Polearms
  1330 | D:2      | Reached skill level 1 in Armour
  1604 | D:2      | Reached XP level 4. HP: 31/35 MP: 4/4
  2550 | D:3      | Found Ymnof's Armour Shoppe.
  2571 | D:3      | Found a hazy altar of Hepliaklqana.
  2597 | D:3      | Found a sacrificial altar of Ru.
  2749 | D:3      | Found an ornate altar of the Wu Jian Council.
  2755 | D:3      | Found an iron altar of Okawaru.
  2760 | D:3      | Found a blossoming altar of Fedhas.
  3110 | D:4      | Reached skill level 5 in Dodging
  3116 | D:4      | Reached XP level 5. HP: 14/41 MP: 5/5
  3195 | D:4      | Noticed Grinder
  3217 | D:4      | Paralysed by Grinder for 5 turns
  3219 | D:4      | HP: 1/41 [Grinder (4)]
  3220 | D:4      | Mangled by Grinder

Illustrated notes

Levels and vault maps discovered:
D:1:      amcnicky_arrival_flooded_fountain, layout_rooms, minmay_misc_feat_chi,
          wander_ebering_terrifying_dragon_lair
D:2:      layout_loops_ring, basic_ecumenical_altar, kennysheep_small_spiral
D:3:      layout_basic, general_overflow_altar,
          minmay_overflow_temple_star_quad, lemuel_crystal_altar, serial_shops,
          shop, kennysheep_generic_room_14
D:4:      minmay_skewed_foursquare, layout_basic, lemuel_blue_sif_altar,
          minmay_temple_entry_grid, serial_shops, nicolae_shop_crystal,
          uniq_grinder, uniq_sigmund, uniq_duvessa

Skill      XL: |  1  2  3  4 |
---------------+-------------+-----
Polearms       | 5 |  5.6
Fighting       | 3 |  3.4
Armour         | 1 |  1.3
Dodging        | 5 |  5.0
Throwing       | |  2.0

Action                   |  1- 3 |  4- 6 || total
-------------------------+-------+-------++-------
Melee: Trident           |   123 |    88 ||   211
  Use: Scroll            |     1 |     3 ||     4
       Potion            |       |     4 ||     4
 Stab: Sleeping          |     2 |     2 ||     4
       Invisible         |       |     1 ||     1
Armor: Leather armour    |    27 |    18 ||    45
Dodge: Dodged            |    91 |    51 ||   142
Block: Other             |       |    15 ||    15

Table legend: (Time is in decaauts)
 A = Elapsed time spent in this place.
 B = Non-inter-level travel time spent in this place.
 C = Inter-level travel time spent in this place.
 D = Time resting spent in this place.
 E = Time spent auto-exploring this place.
 F = Levels seen in this place.
 G = Mean time per level.
                   A        B        C        D        E       F      G
               +--------+--------+--------+--------+--------+-----+--------+
         Total |   3227 |   3145 |     82 |      0 |   2774 |   4 |  806.8 |
       Dungeon |   3227 |   3145 |     82 |      0 |   2774 |   4 |  806.8 |
               +--------+--------+--------+--------+--------+-----+--------+

Top non-repeatable levels by time:
     D:2: 1443 daAuts
     D:1: 878 daAuts
     D:3: 749 daAuts
     D:4: 156 daAuts
